 Dungeon Crawl Stone Soup version 0.25-a0-62-g88673ef095 (webtiles) character file.

Game seed: 6076681975332770440, levelgen mode: deterministic

106 BryzzWind the Magician (level 4, -11/30 HPs)
             Began as a Mummy Conjurer on Oct 30, 2019.
             Mangled by a two-headed ogre
             ... wielding a +0 giant spiked club
              (15 damage)
             ... on level 5 of the Dungeon.
             The game lasted 00:11:12 (3345 turns).

BryzzWind the Magician (Mummy Conjurer)             Turns: 3345, Time: 00:11:13

Health: -11/30     AC:  3    Str: 11    XL:     4   Next: 55%
Magic:  2/10       EV: 12    Int: 15    God:
Gold:   93         SH:  0    Dex: 12    Spells: 1/12 levels left

rFire    x . .     SeeInvis .   (no weapon)
rCold    + . .     Gourm    .   (no shield)
rNeg     + + +     Faith    .   a - +0 robe
rPois    ∞         Spirit   .   g - +0 helmet
rElec    .         Reflect  .   (no cloak)
rCorr    .         Harm     .   (no gloves)
MR       .....                  (no boots)
Stlth    ++........             (no amulet)
HPRegen  0.10/turn              (no ring)
MPRegen  0.12/turn              (no ring)

@: very slightly contaminated
A: no food or potions, fire vulnerability, cold resistance 1, negative energy
resistance 3, torment resistance, unbreathing
a: no special abilities


You were on level 5 of the Dungeon.
You were not hungry.

You visited 1 branch of the dungeon, and saw 5 of its levels.

You collected 93 gold pieces.

Inventory:

Armour
 a - a +0 robe (worn)
 g - a +0 helmet (worn)
Jewellery
 j - a cursed ring of attention {unknown}
Scrolls
 b - a scroll of magic mapping {unknown}
 c - a scroll of random uselessness {unknown}
 d - 3 scrolls of identify {unknown}
 e - a scroll of enchant weapon {unknown}
 f - 2 scrolls of noise {unknown}
 h - 2 scrolls of remove curse {unknown}
 i - a scroll of enchant armour {unknown}
 k - a scroll of fear {unknown}


   Skills:
 - Level 1.5 Dodging
 + Level 1.7 Stealth
 * Level 4.5 Spellcasting
 * Level 4.2 Conjurations


You had one spell level left.
You knew the following spells:

 Your Spells              Type           Power        Failure   Level  Hunger
a - Magic Dart            Conj           ###.         3%          1    N/A
b - Searing Ray           Conj           ###...       4%          2    N/A
c - Force Lance           Conj/Tloc      #.......     58%         4    N/A
d - Fulminant Prism       Conj/Hex       #.........   58%         4    N/A

Your spell library contained the following spells:

 Spells                   Type           Power        Failure   Level  Hunger
 Dazzling Spray           Conj/Hex       #.....       22%         3    N/A
 Iskenderun's Mystic Bla  Conj           ###.....     30%         4    N/A

Dungeon Overview and Level Annotations

Branches:
Dungeon (5/15)
 Temple: D:4-7

Altars:
Cheibriados
The Shining One

Annotations:
D:3 1 runed translucent door


Innate Abilities, Weirdness & Mutations

You do not eat or drink.
Your flesh is vulnerable to fire.
You are immune to poison.
Your flesh is cold resistant. (rC+)
You are immune to negative energy. (rN+++)
You are immune to unholy pain and torment.
You can survive without breathing.


Message History

The spell is very dangerous to cast (58% risk of failure)!
Continue anyway?
Aiming: Force Lance (very dangerous; 58% risk of failure)
Press: ? - help, Shift-Dir - straight line, f/p - two-headed ogre
Aim: a two-headed ogre, wielding a +0 giant spiked club and a -3 giant club (moderately wounded)
You miscast Force Lance.
You are very lightly contaminated with residual magic.
Wisps of smoke drift from your hands.
The two-headed ogre hits you with a +0 giant spiked club!!
Ouch! That really hurt!
* * * LOW HITPOINT WARNING * * *
The two-headed ogre hits you but does no damage.
There is a stone staircase leading down here.
You can't go up here!
You can't go up here!
You climb downwards.
Found a short sword.
There is a stone staircase leading up here.
The two-headed ogre hits you with a +0 giant spiked club!
Ouch! That really hurt!
You die...

#. #. #.
# #.## #
#.##...
... ....#
.....#..#
.......@#
.....#O##
... #. .
#. #. #)
#. #.


You could see a two-headed ogre.

Vanquished Creatures
  3 adders (D:3)
  An adder skeleton (D:4)
  A worm (D:3)
  3 dart slugs
  3 leopard geckos
  2 orcs
  6 giant cockroaches
  7 goblins
  7 hobgoblins
  3 jackals (D:1)
  7 kobolds
  3 ball pythons
  3 bats (D:1)
  3 frilled lizards
  7 rats
59 creatures vanquished.

Vanquished Creatures (others)
  A fulminant prism (D:3)
1 creature vanquished.

Grand Total: 60 creatures vanquished

Notes
Turn   | Place    | Note
-------+----------+-------------------------------------------
     0 | D:1      | BryzzWind the Mummy Conjurer began the quest for the Orb.
     0 | D:1      | Reached XP level 1. HP: 13/13 MP: 4/4
   401 | D:1      | Reached XP level 2. HP: 19/19 MP: 1/6
   482 | D:1      | Learned a level 2 spell: Searing Ray
  1294 | D:1      | Reached XP level 3. HP: 24/24 MP: 5/8
  1651 | D:2      | You fall into a shaft and drop 2 floors!
  1980 | D:4      | Noticed an ogre
  2136 | D:3      | Reached XP level 4. HP: 22/30 MP: 0/10
  2596 | D:3      | Found a glowing golden altar of the Shining One.
  2596 | D:3      | Noticed an angel
  2597 | D:3      | Found a runed translucent door.
  3089 | D:3      | Learned a level 4 spell: Force Lance
  3094 | D:3      | Learned a level 4 spell: Fulminant Prism
  3226 | D:3      | Found a snail-covered altar of Cheibriados.
  3335 | D:4      | Noticed a two-headed ogre
  3344 | D:5      | Entered Level 5 of the Dungeon
  3345 | D:5      | Mangled by a two-headed ogre

Levels and vault maps discovered:
D:1:      minmay_arrival_four_houses, layout_basic, minmay_tromino_i2
D:2:      layout_rooms, first_ration
D:3:      layout_basic, kennysheep_slug_shrine, lemuel_angel_altar
D:4:      layout_rooms
D:5:      layout_basic, kennysheep_mini, kennysheep_mini_moat, serial_shops,
          shop_statue, minmay_fractal_squares_diagonal_5, uniq_menkaure,
          uniq_ijyb, uniq_crazy_yiuf_cottage

Skill      XL: |  1  2  3 |
---------------+----------+-----
Spellcasting   | 3 4 |  4.5
Conjurations   | 4 |  4.2
Dodging        | |  1.5
Stealth        | |  1.7

Action                   |  1- 3 |  4- 6 || total
-------------------------+-------+-------++-------
Melee: Unarmed           |     4 |     4 ||     8
 Cast: Magic Dart        |    88 |    37 ||   125
       Searing Ray       |     6 |     2 ||     8
       Fulminant Prism   |       |     1 ||     1
       Force Lance       |       |     1 ||     1
Armor: Robe              |    14 |       ||    14
Dodge: Dodged            |    22 |     8 ||    30

Table legend:
 A = Non-vault XP
 B = Vault XP
 C = Vault XP percentage of total XP
 D = Non-vault monster count
 E = Vault monster count
 F = Vault count percentage of total count
                 A         B        C        D         E       F
            +---------+---------+-------+---------+---------+-------
      Total |     144 |       8 |   5.3 |      56 |       3 |   5.1
            +---------+---------+-------+---------+---------+-------
        D:1 |      48 |       4 |   7.7 |      26 |       2 |   7.1
        D:2 |       9 |       0 |   0.0 |       4 |       0 |   0.0
        D:3 |      78 |       4 |   4.9 |      23 |       1 |   4.2
        D:4 |       9 |       0 |   0.0 |       3 |       0 |   0.0
            +---------+---------+-------+---------+---------+-------
